Predators vs Stars

Created - 4 avril 2019 at 21:13

Goals
1 2 3 OT1 T
Predators 0 0 1 0 1
Stars 1 0 0 1 2
Shots
1 2 3 OT1 T
Predators 14 12 10 5 41
Stars 6 4 2 4 16

1st period

1. Stars , Tommy Wingels 7 (Yanni Gourde 18, Rasmus Ristolainen 33) at 10:51

Penalties :
Oliver Ekman-Larsson (NSH) for Tripping (Minor) at 8:45, David Savard (DAL) for Hooking (Minor) at 15:39

2nd period

No Goal

Penalties :
Tommy Wingels (DAL) for Cross-checking (Minor) at 6:18, Josh Bailey (DAL) for Goalie Interference (Minor) at 10:03, Zdeno Chara (DAL) for Holding (Minor) at 13:29, Sidney Crosby (DAL) for Hooking (Minor) at 17:08

3rd period

2. Predators , Oliver Ekman-Larsson 13 (Jaden Schwartz 12, Elias Lindholm 23) at 14:30

Penalties :
Vladislav Namestnikov (NSH) for Roughing (Minor) at 6:00, J.T. Miller (NSH) for Holding (Minor) at 9:51, Nikita Zadorov (NSH) for High sticking (Minor) at 17:12

Overtime #1

3. Stars , Sidney Crosby 16 (Rasmus Ristolainen 34, Josh Bailey 30) at 4:24

Penalties :
No Penalty

Goalie Stats

Corey Crawford (NSH), 14 saves from 16 shots - (0.875), OTL, 32-22-4, 64:25 minutes
Jonathan Quick (DAL), 40 saves from 41 shots - (0.976), W, 31-25-5, 64:25 minutes

Players Stats for Predators

Player Name              G  A  P  +/- PIM S  H  SB GA TA FO     MP     PP MP  PK MP  
------------------------------------------------------------------------------------
Alex Tuch                0  0  0  -1  0   2  0  0  0  0  0/0    12:34   2:13   2:32 
Antoine Roussel          0  0  0   0  0   0  0  0  0  0  0/0     6:13   0:00   0:09 
Colton Sissons           0  0  0   0  0   1  0  0  0  0  4/6    10:39   4:07   0:00 
Connor Murphy            0  0  0   0  0   0  1  2  0  0  0/0    19:42   4:17   5:08 
Elias Lindholm           0  1  1   0  0   4  3  0  0  0  9/17   20:29   4:42   3:16 
J.T. Compher             0  0  0  -1  0   6  1  0  0  0  0/2    10:52   0:19   0:00 
J.T. Miller              0  0  0   0  2   5  2  0  0  0  8/16   23:51   4:23   2:31 
Jaden Schwartz           0  1  1   1  0   2  0  0  0  0  1/2    10:46   0:00   0:00 
Kyle Connor              0  0  0  -1  0   2  0  0  0  0  0/0    10:33   0:00   0:00 
Max Pacioretty           0  0  0   0  0   4  3  0  0  0  0/1    19:11   4:25   0:00 
Nikita Zadorov           0  0  0   0  2   0  3  0  0  0  0/0    20:46   4:23   3:18 
Oliver Ekman-Larsson     1  0  1   0  2   3  3  1  0  0  0/0    28:02   5:13   2:26 
Oscar Klefbom            0  0  0   0  0   1  0  0  0  0  0/0    24:11   4:48   2:45 
Phillip Danault          0  0  0  -1  0   0  1  1  0  0  6/9    12:47   0:00   2:14 
Shea Theodore            0  0  0  -1  0   1  0  0  0  0  0/0    14:39   0:19   0:19 
Steven Stamkos           0  0  0   0  0   6  0  0  0  0  12/16  25:49   4:23   3:58 
Thomas Chabot            0  0  0   0  0   1  0  0  0  0  0/0    17:03   0:50   1:56 
Vladislav Namestnikov    0  0  0   1  2   3  0  0  0  0  3/9    17:08   5:13   1:12 

Players Stats for Stars

Player Name              G  A  P  +/- PIM S  H  SB GA TA FO     MP     PP MP  PK MP  
------------------------------------------------------------------------------------
Chris Wideman            0  0  0   0  0   0  0  0  0  0  0/0     0:23   0:00   0:18 
Danny DeKeyser           0  0  0   1  0   0  2  1  0  0  0/0    16:00   0:00   2:15 
David Savard             0  0  0   1  2   0  3  2  0  0  0/0    13:49   0:00   0:00 
Devin Shore              0  0  0   0  0   0  0  0  0  0  0/0     6:25   0:43   1:42 
Duncan Keith             0  0  0  -1  0   0  1  1  0  0  0/0    21:41   3:07   5:45 
Jakub Voracek            0  0  0   0  0   1  0  0  0  0  1/2    22:59   3:38   2:44 
John Klingberg           0  0  0   0  0   1  0  3  0  0  0/0    23:52   4:49   3:33 
Jonathan Marchessault    0  0  0   0  0   2  0  0  0  0  1/2    17:08   3:41   1:34 
Josh Bailey              0  1  1   0  2   1  0  0  0  0  0/0    21:15   3:38   0:00 
Martin Hanzal            0  0  0   0  0   0  2  0  0  0  3/13    9:27   0:00   5:27 
Nazem Kadri              0  0  0   0  0   2  0  0  0  0  11/23  17:05   3:41   1:05 
Paul Byron               0  0  0   1  0   1  1  1  0  0  0/0    15:16   0:03   4:24 
Rasmus Ristolainen       0  2  2   1  0   2  0  1  0  0  0/0    27:36   4:49   4:20 
Sebastian Aho            0  0  0  -1  0   1  2  0  0  0  0/1    20:55   4:12   0:00 
Sidney Crosby            1  0  1   0  2   4  0  0  0  0  15/28  23:51   4:12   0:00 
Tommy Wingels            1  0  1   1  2   1  0  0  0  0  1/1    13:42   0:00   2:54 
Yanni Gourde             0  1  1   1  0   0  0  1  0  0  3/8    10:49   0:00   0:00 
Zdeno Chara              0  0  0  -1  2   0  2  1  0  0  0/0    21:02   3:07   3:39 

3 Stars

1 - Jonathan Quick (DAL)
2 - Rasmus Ristolainen (DAL)
3 - Tommy Wingels (DAL)

Power Play

Predators - 0 on 5 Attempt(s) - 0.00%
Stars - 0 on 4 Attempt(s) - 0.00%

Penalty Kill

Predators - 4 on 4 Attempt(s) - 100.00% - Score 0 goal in Penalty Kill
Stars - 5 on 5 Attempt(s) - 100.00% - Score 0 goal in Penalty Kill

Team Stat

Predators - Hits : 17 - Faceoff Wins : 43 - Blocked Shots : 4 - Penalty Minutes : 8
Stars - Hits : 13 - Faceoff Wins : 35 - Blocked Shots : 11 - Penalty Minutes : 10

Official

Referees : Trevor Hanson and Brian Pochmara
Linesman : Ryan Gibbons and Derek Nansen

Game Notes

No Game Note

Finance

Level 1 -- Attendance: 4404 (73.40%) -- Ticket Income 616 560 $
Level 2 -- Attendance: 2536 (50.72%) -- Ticket Income 311 928 $
Level 3 -- Attendance: 1918 (95.90%) -- Ticket Income 163 030 $
Level 4 -- Attendance: 1516 (33.45%) -- Ticket Income 89 444 $
Luxury Box -- Attendance: 702 (70.20%) -- Ticket Income 161 460 $
Game was played at the American Airlines Center.
Total Attendance: 11076 (59.77%)
Total Ticket Income: 1 342 422 $
Other Income: 657 787 $
Total Income: 2 000 209 $

% Time on Ice - Predators

Lines # - Real PCT - Wanted PCT - Time Play
Normal Forward
1 - 35% - 40% - 14:46
2 - 26% - 30% - 10:46
3 - 25% - 20% - 10:33
4 - 14% - 10% - 6:04
Normal Defense
1 - 34% - 40% - 14:17
2 - 29% - 30% - 12:23
3 - 25% - 20% - 10:42
4 - 11% - 10% - 4:47
PP Forward
1 - 44% - 60% - 4:23
2 - 56% - 40% - 5:32
PP Defense
1 - 53% - 60% - 5:13
2 - 47% - 40% - 4:42
PK Forward
1 - 70% - 60% - 5:31
2 - 30% - 40% - 2:25
PK Defense
1 - 46% - 60% - 3:39
2 - 54% - 40% - 4:17
PK3 Forward
1 - 0% - 60%
2 - 0% - 40%
PK3 Defense
1 - 0% - 60%
2 - 0% - 40%
44 Forward
1 - 0% - 60%
2 - 0% - 40%
44 Defense
1 - 0% - 60%
2 - 0% - 40%
Last Minute Offensive  - 0:00
Last Minute Defensive  - 0:00
Total
Forward - 60:00
Defense - 60:00

% Time on Ice - Stars

Lines # - Real PCT - Wanted PCT - Time Play
Normal Forward
1 - 38% - 40% - 16:05
2 - 27% - 30% - 11:15
3 - 26% - 20% - 10:49
4 - 9% - 10% - 4:00
Normal Defense
1 - 35% - 40% - 14:53
2 - 30% - 30% - 12:49
3 - 33% - 20% - 13:50
4 - 1% - 10% - 0:37
PP Forward
1 - 53% - 60% - 4:12
2 - 47% - 40% - 3:44
PP Defense
1 - 61% - 60% - 4:49
2 - 39% - 40% - 3:07
PK Forward
1 - 72% - 60% - 7:11
2 - 28% - 40% - 2:44
PK Defense
1 - 51% - 60% - 5:04
2 - 49% - 40% - 4:51
PK3 Forward
1 - 0% - 60%
2 - 0% - 40%
PK3 Defense
1 - 0% - 60%
2 - 0% - 40%
44 Forward
1 - 0% - 60%
2 - 0% - 40%
44 Defense
1 - 0% - 60%
2 - 0% - 40%
Last Minute Offensive  - 0:00
Last Minute Defensive  - 0:00
Total
Forward - 60:00
Defense - 60:00

Play-by-Play

1st period


0:01 of 1st period - Sidney Crosby wins face-off versus J.T. Miller in neutral zone.
0:03 of 1st period - Off-side.
0:04 of 1st period - Nazem Kadri wins face-off versus Jaden Schwartz in neutral zone.
0:20 of 1st period - Shot by Nazem Kadri.
0:20 of 1st period - Stopped by Corey Crawford without a rebound.
0:21 of 1st period - J.T. Miller wins face-off versus Sidney Crosby in Predators zone.
2:58 of 1st period - Icing by Jaden Schwartz.
2:59 of 1st period - Elias Lindholm wins face-off versus Martin Hanzal in Predators zone.
2:59 of 1st period - Elias Lindholm is hit by Martin Hanzal.
3:13 of 1st period - Shot by Jakub Voracek.
3:13 of 1st period - Shot Misses the Net.
3:15 of 1st period - Shot by Duncan Keith.
3:15 of 1st period - Deflect By Jakub Voracek.
3:15 of 1st period - Stopped by Corey Crawford without a rebound.
3:16 of 1st period - J.T. Miller wins face-off versus Sidney Crosby in Predators zone.
3:23 of 1st period - Rasmus Ristolainen is hit by J.T. Miller and loses puck.
3:34 of 1st period - Shot by Max Pacioretty.
3:34 of 1st period - Shot Misses the Net.
3:36 of 1st period - Shot by Steven Stamkos.
3:36 of 1st period - Deflect By Max Pacioretty.
3:36 of 1st period - Shot Misses the Net.
3:44 of 1st period - Shot by Max Pacioretty.
3:44 of 1st period - Shot Misses the Net.
3:52 of 1st period - Shot by Steven Stamkos.
3:52 of 1st period - Stopped by Jonathan Quick without a rebound.
3:53 of 1st period - Colton Sissons wins face-off versus Nazem Kadri in Stars zone.
4:02 of 1st period - Shot by Shea Theodore.
4:02 of 1st period - Stopped by Jonathan Quick with a rebound.
4:04 of 1st period - Shot by Connor Murphy.
4:04 of 1st period - Shot Blocked by Zdeno Chara.
4:06 of 1st period - Shot by Colton Sissons.
4:06 of 1st period - Shot Misses the Net.
4:10 of 1st period - Shot by Alex Tuch.
4:10 of 1st period - Stopped by Jonathan Quick with a rebound.
4:16 of 1st period - Shot by Antoine Roussel.
4:16 of 1st period - Shot Misses the Net.
4:39 of 1st period - Nazem Kadri is hit by Oliver Ekman-Larsson and loses puck.
4:59 of 1st period - Tommy Wingels is hit by Oliver Ekman-Larsson and loses puck.
5:57 of 1st period - Shot by Steven Stamkos.
5:57 of 1st period - Stopped by Jonathan Quick without a rebound.
5:58 of 1st period - Elias Lindholm wins face-off versus Martin Hanzal in Stars zone.
5:58 of 1st period - Elias Lindholm is hit by David Savard.
6:00 of 1st period - Shot by Jaden Schwartz.
6:00 of 1st period - Stopped by Jonathan Quick without a rebound.
6:01 of 1st period - Sidney Crosby wins face-off versus Elias Lindholm in Stars zone.
6:46 of 1st period - Thomas Chabot is hit by Sebastian Aho and loses puck.
7:29 of 1st period - Off-side.
7:30 of 1st period - Colton Sissons wins face-off versus Jonathan Marchessault in neutral zone.
7:52 of 1st period - Icing by Rasmus Ristolainen.
7:53 of 1st period - Nazem Kadri wins face-off versus Elias Lindholm in Stars zone.
7:57 of 1st period - Off-side.
7:58 of 1st period - Elias Lindholm wins face-off versus Yanni Gourde in neutral zone.
8:04 of 1st period - Icing by Yanni Gourde.
8:05 of 1st period - Yanni Gourde wins face-off versus J.T. Miller in Stars zone.
8:05 of 1st period - Yanni Gourde is hit by J.T. Miller.
8:45 of 1st period - Minor Penalty to Oliver Ekman-Larsson for Tripping.
8:46 of 1st period - Sidney Crosby wins face-off versus J.T. Miller in Predators zone.
9:17 of 1st period - Icing by Sidney Crosby.
9:18 of 1st period - Steven Stamkos wins face-off versus Sidney Crosby in Stars zone.
9:21 of 1st period - Shot by Steven Stamkos.
9:21 of 1st period - Stopped by Jonathan Quick without a rebound.
9:22 of 1st period - Nazem Kadri wins face-off versus Steven Stamkos in Stars zone.
10:22 of 1st period - Shot by John Klingberg.
10:22 of 1st period - Stopped by Corey Crawford without a rebound.
10:23 of 1st period - Steven Stamkos wins face-off versus Sebastian Aho in Predators zone.
10:49 of 1st period - Shot by Yanni Gourde.
10:49 of 1st period - Shot Blocked by Oliver Ekman-Larsson.
10:51 of 1st period - Shot by Tommy Wingels.
10:51 of 1st period - Goal by Tommy Wingels - Predators : 0 - Stars : 1.
10:52 of 1st period - Yanni Gourde wins face-off versus Vladislav Namestnikov in neutral zone.
11:03 of 1st period - Shot by Elias Lindholm.
11:03 of 1st period - Stopped by Jonathan Quick without a rebound.
11:04 of 1st period - Nazem Kadri wins face-off versus J.T. Compher in Stars zone.
11:17 of 1st period - Shot by J.T. Compher.
11:17 of 1st period - Deflect By Kyle Connor.
11:17 of 1st period - Stopped by Jonathan Quick without a rebound.
11:18 of 1st period - Sidney Crosby wins face-off versus Elias Lindholm in Stars zone.
12:08 of 1st period - Off-side.
12:09 of 1st period - Nazem Kadri wins face-off versus J.T. Miller in neutral zone.
12:16 of 1st period - Shot by Jonathan Marchessault.
12:16 of 1st period - Stopped by Corey Crawford without a rebound.
12:17 of 1st period - Nazem Kadri wins face-off versus J.T. Miller in Predators zone.
12:20 of 1st period - Shot by Jakub Voracek.
12:20 of 1st period - Shot Misses the Net.
12:22 of 1st period - Shot by Rasmus Ristolainen.
12:22 of 1st period - Shot Misses the Net.
12:24 of 1st period - Shot by Rasmus Ristolainen.
12:24 of 1st period - Stopped by Corey Crawford without a rebound.
12:25 of 1st period - Nazem Kadri wins face-off versus J.T. Miller in Predators zone.
12:25 of 1st period - Jakub Voracek is hit by Nikita Zadorov and loses puck.
12:59 of 1st period - Shot by J.T. Miller.
12:59 of 1st period - Shot Misses the Net.
13:01 of 1st period - Shot by Max Pacioretty.
13:01 of 1st period - Stopped by Jonathan Quick with a rebound.
13:03 of 1st period - Shot by J.T. Miller.
13:03 of 1st period - Stopped by Jonathan Quick without a rebound.
13:04 of 1st period - Sidney Crosby wins face-off versus Elias Lindholm in Stars zone.
13:04 of 1st period - Sidney Crosby is hit by Elias Lindholm.
13:10 of 1st period - Duncan Keith is hit by Elias Lindholm.
13:17 of 1st period - Icing by Duncan Keith.
13:18 of 1st period - Phillip Danault wins face-off versus Sidney Crosby in Stars zone.
14:54 of 1st period - Oliver Ekman-Larsson is hit by Danny DeKeyser and loses puck.
15:04 of 1st period - J.T. Miller is hit by David Savard.
15:39 of 1st period - Minor Penalty to David Savard for Hooking.
15:40 of 1st period - Martin Hanzal wins face-off versus Vladislav Namestnikov in Stars zone.
15:48 of 1st period - Off-side.
15:49 of 1st period - Steven Stamkos wins face-off versus Martin Hanzal in neutral zone.
17:16 of 1st period - Shot by Steven Stamkos.
17:16 of 1st period - Shot Misses the Net.
17:18 of 1st period - Shot by J.T. Miller.
17:18 of 1st period - Shot Misses the Net.
17:20 of 1st period - Shot by Elias Lindholm.
17:20 of 1st period - Shot Misses the Net.
17:22 of 1st period - Shot by J.T. Miller.
17:22 of 1st period - Stopped by Jonathan Quick without a rebound.
17:23 of 1st period - Martin Hanzal wins face-off versus Vladislav Namestnikov in Stars zone.
17:42 of 1st period - Shot by J.T. Compher.
17:42 of 1st period - Stopped by Jonathan Quick with a rebound.
17:44 of 1st period - Shot by Oliver Ekman-Larsson.
17:44 of 1st period - Stopped by Jonathan Quick without a rebound.
17:45 of 1st period - Sidney Crosby wins face-off versus Phillip Danault in Stars zone.
17:52 of 1st period - Shot by Phillip Danault.
17:52 of 1st period - Shot Blocked by David Savard.
17:54 of 1st period - Shot by Oliver Ekman-Larsson.
17:54 of 1st period - Stopped by Jonathan Quick with a rebound.
17:58 of 1st period - Shot by Kyle Connor.
17:58 of 1st period - Shot Misses the Net.
18:00 of 1st period - Shot by Thomas Chabot.
18:00 of 1st period - Shot Misses the Net.
18:02 of 1st period - Shot by Phillip Danault.
18:02 of 1st period - Shot Misses the Net.
18:36 of 1st period - Shot by Alex Tuch.
18:36 of 1st period - Shot Misses the Net.
18:57 of 1st period - Shot by Antoine Roussel.
18:57 of 1st period - Shot Blocked by Danny DeKeyser.
18:59 of 1st period - Shot by Antoine Roussel.
18:59 of 1st period - Shot Misses the Net.
19:30 of 1st period - Max Pacioretty is hit by David Savard and loses puck.
Goals for this period are 0 for Predators vs 1 for Stars.
Shots for this period are 14 for Predators vs 6 for Stars.

2nd period


0:01 of 2nd period - J.T. Miller wins face-off versus Nazem Kadri in neutral zone.
0:19 of 2nd period - Icing by Rasmus Ristolainen.
0:20 of 2nd period - Elias Lindholm wins face-off versus Nazem Kadri in Stars zone.
0:53 of 2nd period - Shot by Vladislav Namestnikov.
0:53 of 2nd period - Shot Misses the Net.
0:55 of 2nd period - Shot by Vladislav Namestnikov.
0:55 of 2nd period - Shot Misses the Net.
0:57 of 2nd period - Shot by Elias Lindholm.
0:57 of 2nd period - Stopped by Jonathan Quick without a rebound.
0:58 of 2nd period - J.T. Miller wins face-off versus Sidney Crosby in Stars zone.
1:01 of 2nd period - Shot by Max Pacioretty.
1:01 of 2nd period - Stopped by Jonathan Quick without a rebound.
1:02 of 2nd period - Sidney Crosby wins face-off versus J.T. Miller in Stars zone.
1:04 of 2nd period - Sebastian Aho is hit by Max Pacioretty and loses puck.
2:08 of 2nd period - Icing by Zdeno Chara.
2:09 of 2nd period - Sidney Crosby wins face-off versus Phillip Danault in Stars zone.
2:09 of 2nd period - Sidney Crosby is hit by J.T. Compher.
2:30 of 2nd period - Jakub Voracek is hit by Connor Murphy and loses puck.
3:18 of 2nd period - Off-side.
3:19 of 2nd period - J.T. Miller wins face-off versus Yanni Gourde in neutral zone.
3:21 of 2nd period - Oliver Ekman-Larsson is hit by Danny DeKeyser and loses puck.
3:42 of 2nd period - Shot by Steven Stamkos.
3:42 of 2nd period - Stopped by Jonathan Quick without a rebound.
3:43 of 2nd period - Jaden Schwartz wins face-off versus Martin Hanzal in Stars zone.
4:10 of 2nd period - Shot by Martin Hanzal.
4:10 of 2nd period - Deflect By Jakub Voracek.
4:10 of 2nd period - Shot Misses the Net.
4:24 of 2nd period - Shot by Jaden Schwartz.
4:24 of 2nd period - Shot Misses the Net.
4:56 of 2nd period - Shot by Max Pacioretty.
4:56 of 2nd period - Shot Blocked by John Klingberg.
4:58 of 2nd period - Shot by Oliver Ekman-Larsson.
4:58 of 2nd period - Shot Blocked by John Klingberg.
5:04 of 2nd period - Shot by Steven Stamkos.
5:04 of 2nd period - Shot Blocked by Yanni Gourde.
5:20 of 2nd period - Shot by Max Pacioretty.
5:20 of 2nd period - Shot Misses the Net.
6:00 of 2nd period - Shot by Colton Sissons.
6:00 of 2nd period - Deflect By Alex Tuch.
6:00 of 2nd period - Shot Misses the Net.
6:18 of 2nd period - Minor Penalty to Tommy Wingels for Cross-checking.
6:19 of 2nd period - Steven Stamkos wins face-off versus Martin Hanzal in Stars zone.
6:29 of 2nd period - Steven Stamkos is hit by Duncan Keith and loses puck.
7:58 of 2nd period - Max Pacioretty is hit by Zdeno Chara and loses puck.
8:46 of 2nd period - Rasmus Ristolainen is hit by Phillip Danault and loses puck.
9:08 of 2nd period - Colton Sissons is hit by Martin Hanzal.
9:48 of 2nd period - Shot by Steven Stamkos.
9:48 of 2nd period - Shot Blocked by David Savard.
9:58 of 2nd period - Shot by Paul Byron.
9:58 of 2nd period - Stopped by Corey Crawford without a rebound.
9:59 of 2nd period - Sidney Crosby wins face-off versus J.T. Compher in Predators zone.
10:03 of 2nd period - Minor Penalty to Josh Bailey for Goalie Interference.
10:04 of 2nd period - Steven Stamkos wins face-off versus Martin Hanzal in Stars zone.
10:30 of 2nd period - Shot by Oscar Klefbom.
10:30 of 2nd period - Stopped by Jonathan Quick without a rebound.
10:31 of 2nd period - Tommy Wingels wins face-off versus Vladislav Namestnikov in Stars zone.
10:40 of 2nd period - Shot by Max Pacioretty.
10:40 of 2nd period - Stopped by Jonathan Quick without a rebound.
10:41 of 2nd period - Jakub Voracek wins face-off versus Vladislav Namestnikov in Stars zone.
12:22 of 2nd period - Shot by Phillip Danault.
12:22 of 2nd period - Shot Misses the Net.
12:24 of 2nd period - Shot by Phillip Danault.
12:24 of 2nd period - Shot Misses the Net.
12:26 of 2nd period - Shot by J.T. Compher.
12:26 of 2nd period - Stopped by Jonathan Quick without a rebound.
12:27 of 2nd period - Colton Sissons wins face-off versus Nazem Kadri in Stars zone.
13:29 of 2nd period - Minor Penalty to Zdeno Chara for Holding.
13:30 of 2nd period - Martin Hanzal wins face-off versus Steven Stamkos in Stars zone.
13:38 of 2nd period - Steven Stamkos is hit by Paul Byron.
14:18 of 2nd period - Shot by Vladislav Namestnikov.
14:18 of 2nd period - Shot Misses the Net.
14:20 of 2nd period - Shot by Max Pacioretty.
14:20 of 2nd period - Deflect By Vladislav Namestnikov.
14:20 of 2nd period - Shot Misses the Net.
14:22 of 2nd period - Shot by Vladislav Namestnikov.
14:22 of 2nd period - Stopped by Jonathan Quick without a rebound.
14:23 of 2nd period - Vladislav Namestnikov wins face-off versus Jakub Voracek in Stars zone.
14:34 of 2nd period - Shot by Max Pacioretty.
14:34 of 2nd period - Stopped by Jonathan Quick with a rebound.
15:17 of 2nd period - Shot by J.T. Miller.
15:17 of 2nd period - Stopped by Jonathan Quick without a rebound.
15:18 of 2nd period - Vladislav Namestnikov wins face-off versus Martin Hanzal in Stars zone.
15:45 of 2nd period - Shot by Sidney Crosby.
15:45 of 2nd period - Stopped by Corey Crawford without a rebound.
15:46 of 2nd period - Elias Lindholm wins face-off versus Nazem Kadri in Predators zone.
15:53 of 2nd period - Shot by Jaden Schwartz.
15:53 of 2nd period - Stopped by Jonathan Quick without a rebound.
15:54 of 2nd period - Phillip Danault wins face-off versus Sidney Crosby in Stars zone.
16:15 of 2nd period - Shot by Sidney Crosby.
16:15 of 2nd period - Stopped by Corey Crawford without a rebound.
16:16 of 2nd period - Jonathan Marchessault wins face-off versus Max Pacioretty in Predators zone.
16:19 of 2nd period - Shot by Nazem Kadri.
16:19 of 2nd period - Stopped by Corey Crawford with a rebound.
16:47 of 2nd period - Jakub Voracek is hit by Max Pacioretty and loses puck.
16:53 of 2nd period - Rasmus Ristolainen is hit by Nikita Zadorov.
16:57 of 2nd period - Shot by Jakub Voracek.
16:57 of 2nd period - Shot Misses the Net.
17:08 of 2nd period - Minor Penalty to Sidney Crosby for Hooking.
17:09 of 2nd period - Vladislav Namestnikov wins face-off versus Martin Hanzal in Stars zone.
18:29 of 2nd period - Shot by J.T. Miller.
18:29 of 2nd period - Shot Misses the Net.
18:31 of 2nd period - Shot by J.T. Miller.
18:31 of 2nd period - Stopped by Jonathan Quick with a rebound.
18:33 of 2nd period - Shot by Nikita Zadorov.
18:33 of 2nd period - Shot Blocked by Duncan Keith.
19:20 of 2nd period - Shot by J.T. Compher.
19:20 of 2nd period - Stopped by Jonathan Quick without a rebound.
19:21 of 2nd period - Sidney Crosby wins face-off versus Phillip Danault in Stars zone.
Goals for this period are 0 for Predators vs 0 for Stars.
Shots for this period are 12 for Predators vs 4 for Stars.

3rd period


0:01 of 3rd period - J.T. Miller wins face-off versus Nazem Kadri in neutral zone.
0:10 of 3rd period - Shot by Max Pacioretty.
0:10 of 3rd period - Shot Blocked by John Klingberg.
0:38 of 3rd period - Rasmus Ristolainen is hit by Max Pacioretty and loses puck.
1:09 of 3rd period - Shot by Josh Bailey.
1:09 of 3rd period - Shot Misses the Net.
1:33 of 3rd period - Shot by Elias Lindholm.
1:33 of 3rd period - Stopped by Jonathan Quick without a rebound.
1:34 of 3rd period - Phillip Danault wins face-off versus Yanni Gourde in Stars zone.
1:43 of 3rd period - Shot by Kyle Connor.
1:43 of 3rd period - Stopped by Jonathan Quick without a rebound.
1:44 of 3rd period - Elias Lindholm wins face-off versus Yanni Gourde in Stars zone.
3:56 of 3rd period - Shot by Colton Sissons.
3:56 of 3rd period - Stopped by Jonathan Quick without a rebound.
3:57 of 3rd period - Yanni Gourde wins face-off versus J.T. Miller in Stars zone.
4:20 of 3rd period - Shot by Yanni Gourde.
4:20 of 3rd period - Shot Misses the Net.
4:22 of 3rd period - Shot by John Klingberg.
4:22 of 3rd period - Shot Misses the Net.
5:46 of 3rd period - Off-side.
5:47 of 3rd period - Nazem Kadri wins face-off versus Elias Lindholm in neutral zone.
6:00 of 3rd period - Minor Penalty to Vladislav Namestnikov for Roughing.
6:01 of 3rd period - Elias Lindholm wins face-off versus Nazem Kadri in Predators zone.
7:22 of 3rd period - Off-side.
7:23 of 3rd period - Nazem Kadri wins face-off versus Elias Lindholm in neutral zone.
7:42 of 3rd period - Shot by John Klingberg.
7:42 of 3rd period - Shot Blocked by Connor Murphy.
7:44 of 3rd period - Shot by Rasmus Ristolainen.
7:44 of 3rd period - Stopped by Corey Crawford without a rebound.
7:45 of 3rd period - Steven Stamkos wins face-off versus Sidney Crosby in Predators zone.
7:45 of 3rd period - Steven Stamkos is hit by Sebastian Aho.
8:10 of 3rd period - Shot by Kyle Connor.
8:10 of 3rd period - Deflect By J.T. Compher.
8:10 of 3rd period - Stopped by Jonathan Quick with a rebound.
8:12 of 3rd period - Shot by J.T. Compher.
8:12 of 3rd period - Shot Misses the Net.
8:14 of 3rd period - Shot by J.T. Compher.
8:14 of 3rd period - Stopped by Jonathan Quick without a rebound.
8:15 of 3rd period - Elias Lindholm wins face-off versus Martin Hanzal in Stars zone.
8:17 of 3rd period - Jaden Schwartz is hit by Zdeno Chara and loses puck.
8:30 of 3rd period - Shot by Elias Lindholm.
8:30 of 3rd period - Stopped by Jonathan Quick without a rebound.
8:31 of 3rd period - Phillip Danault wins face-off versus Yanni Gourde in Stars zone.
8:52 of 3rd period - Icing by Oliver Ekman-Larsson.
8:53 of 3rd period - Phillip Danault wins face-off versus Sidney Crosby in Predators zone.
9:27 of 3rd period - Sebastian Aho is hit by Nikita Zadorov and loses puck.
9:51 of 3rd period - Minor Penalty to J.T. Miller for Holding.
9:52 of 3rd period - Nazem Kadri wins face-off versus Steven Stamkos in Predators zone.
9:56 of 3rd period - Shot by John Klingberg.
9:56 of 3rd period - Deflect By Jonathan Marchessault.
9:56 of 3rd period - Stopped by Corey Crawford without a rebound.
9:57 of 3rd period - Steven Stamkos wins face-off versus Nazem Kadri in Predators zone.
10:03 of 3rd period - Icing by Nazem Kadri.
10:04 of 3rd period - Steven Stamkos wins face-off versus Nazem Kadri in Stars zone.
10:21 of 3rd period - Shot by Nazem Kadri.
10:21 of 3rd period - Shot Blocked by Phillip Danault.
10:25 of 3rd period - Shot by Rasmus Ristolainen.
10:25 of 3rd period - Shot Misses the Net.
10:27 of 3rd period - Shot by Nazem Kadri.
10:27 of 3rd period - Shot Blocked by Connor Murphy.
10:38 of 3rd period - Icing by Rasmus Ristolainen.
10:39 of 3rd period - Elias Lindholm wins face-off versus Nazem Kadri in Stars zone.
11:26 of 3rd period - Shot by Sebastian Aho.
11:26 of 3rd period - Shot Misses the Net.
11:28 of 3rd period - Shot by Zdeno Chara.
11:28 of 3rd period - Deflect By Jakub Voracek.
11:28 of 3rd period - Shot Misses the Net.
12:52 of 3rd period - Shot by Kyle Connor.
12:52 of 3rd period - Shot Blocked by Paul Byron.
14:06 of 3rd period - Shot by J.T. Miller.
14:06 of 3rd period - Stopped by Jonathan Quick without a rebound.
14:07 of 3rd period - Sidney Crosby wins face-off versus Vladislav Namestnikov in Stars zone.
14:13 of 3rd period - Sidney Crosby is hit by Oliver Ekman-Larsson and loses puck.
14:28 of 3rd period - Shot by Jaden Schwartz.
14:28 of 3rd period - Shot Misses the Net.
14:30 of 3rd period - Shot by Oliver Ekman-Larsson.
14:30 of 3rd period - Goal by Oliver Ekman-Larsson - Predators : 1 - Stars : 1.
14:31 of 3rd period - Phillip Danault wins face-off versus Sidney Crosby in neutral zone.
14:37 of 3rd period - Icing by Duncan Keith.
14:38 of 3rd period - J.T. Miller wins face-off versus Martin Hanzal in Stars zone.
15:37 of 3rd period - Icing by Oliver Ekman-Larsson.
15:38 of 3rd period - J.T. Miller wins face-off versus Nazem Kadri in Predators zone.
16:53 of 3rd period - Shot by J.T. Compher.
16:53 of 3rd period - Stopped by Jonathan Quick with a rebound.
16:55 of 3rd period - Shot by Thomas Chabot.
16:55 of 3rd period - Stopped by Jonathan Quick without a rebound.
16:56 of 3rd period - Sidney Crosby wins face-off versus Colton Sissons in Stars zone.
17:12 of 3rd period - Minor Penalty to Nikita Zadorov for High sticking.
17:13 of 3rd period - Steven Stamkos wins face-off versus Sidney Crosby in Predators zone.
19:04 of 3rd period - Shot by Sidney Crosby.
19:04 of 3rd period - Shot Misses the Net.
Goals for this period are 1 for Predators vs 0 for Stars.
Shots for this period are 10 for Predators vs 2 for Stars.

Overtime #1


0:01 of 1st overtime period - Steven Stamkos wins face-off versus Sidney Crosby in neutral zone.
0:16 of 1st overtime period - Shot by Steven Stamkos.
0:16 of 1st overtime period - Stopped by Jonathan Quick without a rebound.
0:17 of 1st overtime period - Steven Stamkos wins face-off versus Sidney Crosby in Stars zone.
1:39 of 1st overtime period - Shot by Josh Bailey.
1:39 of 1st overtime period - Stopped by Corey Crawford without a rebound.
1:40 of 1st overtime period - Nazem Kadri wins face-off versus Colton Sissons in Predators zone.
1:47 of 1st overtime period - Shot by Josh Bailey.
1:47 of 1st overtime period - Deflect By Nazem Kadri.
1:47 of 1st overtime period - Shot Misses the Net.
1:55 of 1st overtime period - Shot by Vladislav Namestnikov.
1:55 of 1st overtime period - Stopped by Jonathan Quick without a rebound.
1:56 of 1st overtime period - Steven Stamkos wins face-off versus Nazem Kadri in Stars zone.
2:51 of 1st overtime period - Shot by Sebastian Aho.
2:51 of 1st overtime period - Stopped by Corey Crawford with a rebound.
3:09 of 1st overtime period - Shot by Alex Tuch.
3:09 of 1st overtime period - Shot Blocked by Rasmus Ristolainen.
3:11 of 1st overtime period - Shot by Alex Tuch.
3:11 of 1st overtime period - Stopped by Jonathan Quick without a rebound.
3:12 of 1st overtime period - Colton Sissons wins face-off versus Sidney Crosby in Stars zone.
3:23 of 1st overtime period - Shot by Colton Sissons.
3:23 of 1st overtime period - Deflect By Vladislav Namestnikov.
3:23 of 1st overtime period - Stopped by Jonathan Quick without a rebound.
3:24 of 1st overtime period - Sidney Crosby wins face-off versus Elias Lindholm in Stars zone.
3:35 of 1st overtime period - Shot by Sidney Crosby.
3:35 of 1st overtime period - Stopped by Corey Crawford without a rebound.
3:36 of 1st overtime period - Sidney Crosby wins face-off versus Steven Stamkos in Predators zone.
3:37 of 1st overtime period - Shot by Jakub Voracek.
3:37 of 1st overtime period - Shot Misses the Net.
3:55 of 1st overtime period - Shot by Steven Stamkos.
3:55 of 1st overtime period - Stopped by Jonathan Quick without a rebound.
3:56 of 1st overtime period - Sidney Crosby wins face-off versus Elias Lindholm in Stars zone.
3:56 of 1st overtime period - Sidney Crosby is hit by Elias Lindholm.
4:16 of 1st overtime period - Shot by Sidney Crosby.
4:16 of 1st overtime period - Shot Hit the Post.
4:18 of 1st overtime period - Shot by Sidney Crosby.
4:18 of 1st overtime period - Shot Misses the Net.
4:24 of 1st overtime period - Shot by Sidney Crosby.
4:24 of 1st overtime period - Goal by Sidney Crosby - Predators : 1 - Stars : 2.
Goals for this period are 0 for Predators vs 1 for Stars.
Shots for this period are 5 for Predators vs 4 for Stars.